 Dungeon Sprint DCSS version 0.22.0-18-ge075c0d (webtiles) character file.

5 poirepourri the Cudgeler (level 3, -1/34 HPs)
             Began as a Gargoyle Fighter on Aug 18, 2018.
             Was an Initiate of Gozag.
             Slain by a gnoll shaman
             ... wielding a +0 club
              (4 damage)
             ... in the Dungeon (Sprint VI: "Thunderdome").
             The game lasted 00:00:51 (242 turns).

poirepourri the Cudgeler (Gargoyle Fighter)          Turns: 242, Time: 00:00:51

Health: -1/34      AC:  8    Str: 26    XL:     3   Next: 33%
Magic:  0/12       EV:  7    Int: 12    God:    Gozag
Gold:   84         SH:  9    Dex:  8    Spells: 2/2 levels left

rFire    . . .     SeeInvis +   a - +0 flail
rCold    . . .     Gourm    .   c - +0 shield
rNeg     + . .     Faith    .   b - +0 scale mail
rPois    ∞         Spirit   +   (no helmet)
rElec    +         Reflect  .   (no cloak)
rCorr    .         Harm     .   (no gloves)
MR       .....     NoTele   +   (no boots)
Stlth    ..........             q - amulet of Nehuwaliz {Spirit Int+4}
HPRegen  0.11/turn              p - ring "Kuntexi" {Str+2 Dex-2 SInv} (curse)
MPRegen  0.13/turn              r - ring "Cuadenay" {MP+9 AC-2} (curse)

@: mighty, berserking, gold aura, hasted, glowing, very quick
A: negative energy resistance 1, electricity resistance, unbreathing,
petrification resistance, rot immunity, AC +3
a: Potion Petition, Call Merchant, Bribe Branch, Renounce Religion


You were in the Dungeon.
You worshipped Gozag.
Gozag was noncommittal.
You were not hungry.

You visited 1 branch You collected 264 gold pieces.
You spent 180 gold pieces at shops.

Inventory:

Hand Weapons
 a - a +0 flail (weapon)
Armour
 b - a +0 scale mail (worn)
 c - a +0 shield (worn)
Jewellery
 p - the cursed ring "Kuntexi" (left hand) {Str+2 Dex-2 SInv}
   (You bought it in a shop in the Dungeon)

   [ring of dexterity]

   It affects your strength (+2).
   It affects your dexterity (-2).
   It lets you see invisible.
   It has a curse placed upon it.
 q - the amulet of Nehuwaliz (around neck) {Spirit Int+4}
   (You bought it in a shop in the Dungeon)

   [amulet of guardian spirit]

   It causes incoming damage to be split between your health and magic.
   It affects your intelligence (+4).
 r - the cursed ring "Cuadenay" (right hand) {MP+9 AC-2}
   (You bought it in a shop in the Dungeon)

   [ring of protection]

   It affects your AC (-2).
   It affects your magic capacity (+9).
   It has a curse placed upon it.
Wands
 m - a wand of acid (5)
 n - a wand of iceblast (5)
Scrolls
 k - 4 scrolls of blinking
 o - 3 scrolls of fog
Potions
 e - a potion of curing
 g - 4 potions of heal wounds
 h - 4 potions of haste
 i - 2 potions of magic
 j - a potion of berserk rage
 l - a potion of resistance
Comestibles
 f - a ration


   Skills:
 - Level 3.2 Fighting
 + Level 6.6 Maces & Flails
 - Level 3.2 Armour
 - Level 3.2 Shields


You had 2 spell levels left.
You didn't know any spells.
Your spell library was empty.

Dungeon Overview and Level Annotations

Branches:
Dungeon (1/1)

Altars:
Cheibriados
Dithmenos
Fedhas
Gozag
Kikubaaqudgha
Makhleb
Okawaru
Qazlal
Ru
Sif Muna
Trog
Uskayaw
Vehumet
Wu Jian
Xom
Yredelemnul
Zin
The Shining One
Beogh
Jiyva
Lugonu

Shops:
D *[%??*?*:[((!!!!


Innate Abilities, Weirdness & Mutations

You are resistant to torment.
Your stone body is resilient. (AC +3)
You are immune to poison.
You resist negative energy. (rN+)
You are resistant to electric shocks. (rElec)
You can survive without breathing.
You are immune to petrification.
You are immune to rotting.


Message History

You block the gnoll shaman's attack. The gnoll shaman hits you with a whip.
* * * LOW HITPOINT WARNING * * *
You thump the gnoll shaman!
You kill the gnoll shaman!
Your Maces & Flails skill gained 2 levels and is now at level 6!
You have reached level 2!
You have reached level 3!
Your experience leads to an increase in your attributes!
Your base attributes are Str 19, Int 8, Dex 9.
Increase (S)trength, (I)ntelligence, or (D)exterity?
You feel agile. 20... The gnoll shaman hits you with a club.
* * * LOW HITPOINT WARNING * * *
Unknown command.
You thump the gnoll shaman!
The gnoll shaman is severely wounded.
The gnoll shaman hits you with a club.
You die...
Your body crumbles into a pile of gold.

#_......._# #_......._#
#_......._# ###.........###
#⌠...........⌠#
######.8.........8.######
#∩___......###......__.∩##
∩........8.# #.8$.......∩###
...........###gg@..........##
........###...###..........⌠#
....)...# #.<.# #..........⌠#
........###...###..........⌠#
...........###.............##
∩........8.# #.8........∩###
#∩.__......###......___∩##
######.8.........8.######
#⌠...........⌠#


You could see 2 gnoll shamans.

Vanquished Creatures
  A gnoll shaman (D)
  A dart slug (D)
  A jackal (D)
  A kobold (D)
  A frilled lizard (D)
5 creatures vanquished.

Notes
Turn   | Place    | Note
-------+----------+-------------------------------------------
     0 | D        | poirepourri the Gargoyle Fighter began the quest for the Orb.
     0 | D        | Reached XP level 1. HP: 14/14 MP: 1/1
     3 | D        | Found a viscous altar of Jiyva.
     3 | D        | Found a shimmering altar of Xom.
     4 | D        | Found a corrupted altar of Lugonu.
     4 | D        | Found an iron altar of Okawaru.
     5 | D        | Found a bloodstained altar of Trog.
     5 | D        | Round 1.
     6 | D        | Found Ohej's Delicious Food.
     6 | D        | Found a burning altar of Makhleb.
     6 | D        | Found a blossoming altar of Fedhas.
     6 | D        | Found a snail-covered altar of Cheibriados.
     6 | D        | Found Qujukh's Identification Station.
     7 | D        | Found Icoga's Jewellery.
     7 | D        | Found Waahiran's Advanced Armour.
    15 | D        | Bought a clouded bone ring for 45 gold pieces
    15 | D        | Bought a steaming bronze amulet for 45 gold pieces
    15 | D        | Bought a sparkling wooden ring for 45 gold pieces
    15 | D        | Identified the cursed ring "Kuntexi" {Str+2 Dex-2 SInv} (You bought it in a shop in the Dungeon)
    16 | D        | Identified the cursed ring "Cuadenay" {MP+9 AC-2} (You bought it in a shop in the Dungeon)
    17 | D        | Identified the amulet of Nehuwaliz {Spirit Int+4} (You bought it in a shop in the Dungeon)
    18 | D        | Bought a glittering amethyst amulet for 45 gold pieces
    19 | D        | Identified the amulet of Vutefagi {Inacc rElec rN+ Dex+2} (You bought it in a shop in the Dungeon)
    31 | D        | Found a stormy altar of Qazlal.
    34 | D        | Found a basalt altar of Yredelemnul.
    35 | D        | Found Uwaxeci's Premium Goods.
    36 | D        | Found an ancient bone altar of Kikubaaqudgha.
    36 | D        | Found a radiant altar of Vehumet.
    36 | D        | Found a hide-covered altar of Uskayaw.
    36 | D        | Found Tovysepo's Weapon Rack.
    36 | D        | Found Yqif's Miscellaneous Merchandise.
    36 | D        | Found Cacah's Basic Armour.
    42 | D        | Reached skill level 3 in Maces & Flails
    43 | D        | Found a sacrificial altar of Ru.
    44 | D        | Found a shadowy altar of Dithmenos.
    45 | D        | Found an opulent altar of Gozag.
    46 | D        | Found Tiyb's Do-It-Yourself Clinic.
    52 | D        | Found Imash's Bottled Wisdom.
    52 | D        | Found Qomynu's Distillery.
    58 | D        | Became a worshipper of Gozag Ym Sagoz the Greedy
    62 | D        | Reached skill level 4 in Maces & Flails
    65 | D        | Found an ornate altar of the Wu Jian Council.
    65 | D        | Found a deep blue altar of Sif Muna.
    65 | D        | Found Puiraz's Distillery.
    69 | D        | Found a glowing silver altar of Zin.
    70 | D        | Found a roughly hewn altar of Beogh.
    71 | D        | Found a glowing golden altar of the Shining One.
    72 | D        | Found Jiuc's Staff Store.
    73 | D        | Found Rysong's Magic Scroll Shop.
    73 | D        | Found Iveariacs's Must-Have Magic.
    73 | D        | Found Haefusia's Magic Scroll Shop.
   155 | D        | Noticed a crimson imp
   188 | D        | Arena points: 5 (+5) [x1]
   203 | D        | Round 2.
   227 | D        | Noticed a gnoll shaman
   230 | D        | Noticed a gnoll shaman
   232 | D        | Noticed a gnoll shaman
   241 | D        | Killed a gnoll shaman
   241 | D        | Reached skill level 6 in Maces & Flails
   241 | D        | Reached XP level 2. HP: 8/19 MP: 0/2
   241 | D        | Reached XP level 3. HP: 9/23 MP: 0/3
   242 | D        | Slain by a gnoll shaman

Skill      XL: |  1 |
---------------+----+-----
Maces & Flails | 6 |  6.6
Fighting       | |  3.2
Armour         | |  3.2
Shields        | |  3.2

Action                   || total
-------------------------++-------
Melee: Flail             ||    45
Invok: Potion Petition   ||     1
  Use: Potion            ||     1
Armor: Scale mail        ||    22
Dodge: Dodged            ||     9
Block: Shield            ||    26
